 Dungeon Crawl Stone Soup version 0.28-a0-938-gbc3f381ebc (webtiles) character file.

Game seed: 16414004605456515902

6130 bearlyready the Slinger (level 10, -5/90 HPs)
             Began as a Minotaur Hedge Wizard on Nov 29, 2021.
             Was a High Priest of Okawaru.
             Slain by an acid dragon (6 damage)
             ... on level 9 of the Dungeon.
             The game lasted 00:16:14 (11726 turns).

bearlyready the Slinger (Minotaur Hedge Wizard)    Turns: 11726, Time: 00:16:15

Health: -5/90      AC: -4    Str: 19    XL:     10   Next: 59%
Magic:  0/12       EV:  9    Int: 11    God:    Okawaru [*****.]
Gold:   337        SH:  9    Dex:  9    Spells: 12/13 levels left

rFire   . . .      SeeInvis .   a - +4 scimitar
rCold   . . .      Faith    .   H - +0 kite shield
rNeg    . . .      Spirit   +   r - +0 ring mail
rPois   .          Reflect  .   c - +0 hat
rElec   .          Harm     .   (no cloak)
rCorr   .          Rampage  .   u - +0 pair of gloves
Will    +....                   C - +0 pair of boots
Stlth   +.........              q - amulet of guardian spirit
HPRegen 0.25/turn               y - ring of willpower
MPRegen 0.13/turn               (no ring)

@: mighty, about to teleport, corroded, attractive, hasted, very quick
A: horns 2, retaliatory headbutt
a: Renounce Religion, Heroism, Finesse, Duel


You were on level 9 of the Dungeon.
You worshipped Okawaru.
Okawaru was extremely pleased with you.
You visited 2 branches of the dungeon, and saw 10 of its levels.

You collected 337 gold pieces.

Inventory:

Hand Weapons
 a - a +4 scimitar (weapon)
 b - the +9 hunting sling "Ocioduka" {freeze, Str+2 Dex+4}
   (You found it on level 6 of the Dungeon)

   Any ammunition fired from it freezes those it strikes, dealing additional
   cold damage.
   It can also slow down cold-blooded creatures.
   Str:       It affects your strength (+2).
   Dex:       It affects your dexterity (+4).
 i - a +0 dagger
 t - a +0 arbalest
 v - a +1 vampiric dagger
 x - a +2 rapier of holy wrath
 A - a +2 short sword of venom
 G - a +0 hunting sling
 R - a +0 falchion
Missiles
 d - 161 stones (quivered)
 e - 151 arrows
 s - 15 bolts
 N - a curare-tipped dart
 O - 14 poisoned darts
 P - 52 sling bullets
Armour
 c - a +0 hat (worn)
 h - a +0 pair of boots
 p - a +0 robe
 r - a +0 ring mail (worn)
 u - a +0 pair of gloves (worn)
 C - a +0 pair of boots (worn)
 H - a +0 kite shield (worn)
 S - the +1 scale mail "Motuobomp" {Contam rN+ rCorr Int+2}
   (You found it on level 6 of the Dungeon)

   Int:       It affects your intelligence (+2).
   rN:        It protects you from negative energy.
   Contam:    It causes magical contamination when unequipped.
   rCorr:     It protects you from acid and corrosion.
Jewellery
 q - an amulet of guardian spirit (around neck)
 y - a ring of willpower (left hand)
 K - an amulet of the acrobat
 Q - a ring of protection from fire
 T - a ring of magical power
Wands
 n - a wand of charming (9)
Scrolls
 g - a scroll of vulnerability {unknown}
 m - 5 scrolls of identify {unknown}
 o - a scroll of amnesia
 D - a scroll of teleportation
 F - a scroll of torment
 J - a scroll of enchant weapon {unknown}
 L - 2 scrolls of magic mapping
 M - a scroll of fear {unknown}
 U - a scroll of noise {unknown}
Potions
 f - 2 potions of flight {unknown}
 j - a potion of magic {unknown}
 k - 2 potions of attraction
 w - a potion of berserk rage {unknown}
 z - 2 potions of mutation {unknown}
 B - a potion of might
 E - 2 potions of haste
 I - 2 potions of cancellation {unknown}
 V - a potion of resistance {unknown}


   Skills:
 - Level 8.5 Fighting
 - Level 2.3(5.1) Short Blades
 + Level 7.8(8.0) Long Blades
 + Level 10.3 Slings
 + Level 1.1 Armour
 + Level 2.5 Dodging
 - Level 1.5 Stealth
 + Level 7.0 Shields
 - Level 2.1 Spellcasting
 - Level 0.6 Conjurations
 - Level 0.6 Summonings
 - Level 0.6 Translocations
 - Level 5.0 Invocations
 - Level 1.0 Evocations


You had 12 spell levels left.
You knew the following spells:

 Your Spells              Type           Power      Damage    Failure   Level
a - Magic Dart            Conj           8%         1d3       73%         1

Your spell library contained the following spells:

 Spells                   Type           Power      Damage    Failure   Level
 Apportation              Tloc           4%         N/A       73%         1
 Pain                     Necr           4%         1d4       80%         1
 Slow                     Hex            4%         N/A       80%         1
 Blink                    Tloc           4%         N/A       86%         2
 Corpse Rot               Necr/Air       2%         N/A       91%         2
 Poisonous Vapours        Pois/Air       2%         N/A       91%         2
 Conjure Flame            Conj/Fire      1%         6-21      98%         3
 Mephitic Cloud           Conj/Pois/Air  1%         N/A       98%         3
 Confusing Touch          Hex            1%         N/A       99%         3
 Vampiric Draining        Necr           1%         2d6       99%         3
 Leda's Liquefaction      Hex/Erth       0%         N/A       100%        4
 Lee's Rapid Deconstruct  Erth           0%         3d5*      100%        5
 Statue Form              Tmut/Erth      0%         N/A       100%        6
 Summon Small Mammal      Summ           Unusable   N/A       N/A         1
 Animate Skeleton         Necr           Unusable   N/A       N/A         1
 Call Imp                 Summ           Unusable   N/A       N/A         2

Dungeon Overview and Level Annotations

Branches:
Dungeon (9/15)             Temple (1/1) D:4            Lair (0/6) D:9
    Orc: D:9-12

Altars:
Ashenzari
Cheibriados
Dithmenos
Elyvilon
Fedhas
Gozag
Hepliaklqana
Kikubaaqudgha
Makhleb
Nemelex Xobeh
Okawaru
Qazlal
Ru
Sif Muna
Trog
Uskayaw
Vehumet
Wu Jian
Xom
Yredelemnul
Zin
The Shining One

Shops:
D:8 [


Innate Abilities, Weirdness & Mutations

You have a pair of horns on your head.
You reflexively headbutt those who attack you in melee.


Message History

You block the acid dragon's attack. x2
It was a potion of attraction.
You feel attractive to monsters.
It was a potion of heal wounds.
You feel much better. The acid dragon spits acid at you.
The splash of acid hits you!! The acid corrodes you!
You hear a howl!
The hound is attracted toward you. The troll is attracted toward you.
The hound is attracted toward you. Something is attracted toward you.
The acid dragon is attracted toward you.
The hound is attracted toward you. The troll is attracted toward you.
Something is attracted toward you.
As you read the scroll labelled EPTOBA OXKAZ, it crumbles to dust.
You feel aware of your surroundings.
It was a scroll of magic mapping.
You block the acid dragon's attack. The acid dragon closely misses you.
As you read the scroll labelled IZIKOG HAMOEKO, it crumbles to dust.
Your body is wracked with pain!
* * * LOW HITPOINT WARNING * * *
The acid dragon convulses!
The hound convulses!
It was a scroll of torment.
You feel much better. The acid dragon spits acid at you.
The splash of acid hits you!!
* * * LOW HITPOINT WARNING * * *
The acid corrodes you! The troll is attracted toward you.
As you read the scroll labelled NOAGU NUYKLARO, it crumbles to dust.
It is a scroll of amnesia.
Really abort (and waste the scroll)?
Okay, then.
As you read the scroll labelled SAOGOC CEITEA, it crumbles to dust.
You feel strangely unstable.
It was a scroll of teleportation.
The acid dragon bites you.
* * * LOW HITPOINT WARNING * * *
You block the acid dragon's attack.
It was a potion of might.
You feel very mighty all of a sudden. The acid dragon bites you!
* * * LOW HITPOINT WARNING * * *
The acid dragon claws you.
You die...

,,,,,,,,,************##≈.≈≈≈.....
,,,,,,,,,,,,,,,,,,,,,,♣≈≈≈P≈♣..>.
*,********************#♣≈≈≈......
*,* *,,,,,,,,,,,..♣.P...... *,*
*,*****##############..
*,*********.######........#####..
,,,,,,,,,,,.......[.......##.....
*+*********.######........##.....
,,,,,,*****,#hTD@..........'...≈.
,,,,,,,,,,,,#h####........##.....
,,,,,,,*****#§# ##........##.....
,,,,,,,* #T# #........###.....
,,,,,,,* #T# #.........##.....
,,,,,,,* #h# #.....≈≈..####...
,,,,,,,**####h###......≈..#* #...
*+*,,,,,,#...Z..#....≈≈≈...# *...
*,,,,,,,,#......#....≈≈≈.#.# *,,,


You could see a troll, an acid dragon and 2 hounds.

Vanquished Creatures
  A manticore (D:9)
  A troll (D:7)
  Grinder (D:4)
  11 yaks (D:9)
  2 wyverns
  Eustachio (D:5)
  A steam dragon (D:4)
  Menkaure (D:7)
  An acid dragon (D:8)
  A sky beast (D:8)
  2 ice beasts
  2 necrophages (D:4)
  An orc warrior (D:7)
  2 ogres
  2 wolves (D:9)
  2 centaurs
  A kobold brigand (D:7)
  5 bullfrogs
  A gnoll sergeant (D:7)
  2 scorpions
  2 wyvern zombies
  A killer bee (D:9)
  4 wights
  An electric eel (D:9)
  A bullfrog zombie (D:6)
  A centaur zombie (D:5)
  4 hounds
  A jelly (D:5)
  4 bullfrog skeletons
  An orc priest (D:7)
  A gnoll shaman (D:8)
  4 iguanas
  8 orc wizards
  A hound zombie (D:4)
  A howler monkey zombie (D:6)
  9 gnolls
  6 adders
  2 howler monkey skeletons
  A shadow imp (D:5)
  3 white imps
  An ufetubus (D:6)
  An adder zombie (D:5)
  3 worms
  A dart slug (D:5)
  11 orcs
  8 endoplasms
  A giant cockroach (D:2)
  11 goblins
  8 hobgoblins
  5 quokkas
  6 ball pythons
  6 bats
  3 frilled lizards
  11 kobolds
  3 rats
176 creatures vanquished.

Vanquished Creatures (others)
  A plant (D:9)
1 creature vanquished.

Grand Total: 177 creatures vanquished

Notes
Turn   | Place    | Note
-------+----------+-------------------------------------------
     0 | D:1      | bearlyready the Minotaur Hedge Wizard began the quest for
                  | the Orb.
     0 | D:1      | Reached XP level 1. HP: 14/14 MP: 2/2
   199 | D:1      | Reached skill level 1 in Fighting
   811 | D:1      | Reached XP level 2. HP: 19/24 MP: 4/4
  1381 | D:2      | Found a radiant altar of Vehumet.
  1520 | D:2      | Reached XP level 3. HP: 9/31 MP: 5/5
  2038 | D:2      | Reached skill level 1 in Evocations
  2179 | D:2      | Reached XP level 4. HP: 40/40 MP: 6/6
  2754 | D:3      | Reached skill level 1 in Slings
  2900 | D:3      | Found a faded altar of an unknown god.
  3405 | D:3      | Reached skill level 1 in Short Blades
  3405 | D:3      | Reached XP level 5. HP: 42/47 MP: 5/7
  3557 | D:3      | Reached skill level 2 in Slings
  4055 | D:3      | Reached skill level 5 in Fighting
  4601 | D:4      | Found a staircase to the Ecumenical Temple.
  4637 | D:4      | Noticed Grinder
  4660 | Temple   | Entered the Ecumenical Temple
  4791 | Temple   | Became a worshipper of Warmaster Okawaru
  4830 | D:4      | Killed Grinder
  4831 | D:4      | Reached XP level 6. HP: 36/58 MP: 6/8
  4957 | D:4      | Noticed a steam dragon
  5019 | D:4      | Killed a steam dragon
  5019 | D:4      | Reached * piety under Okawaru
  5020 | D:4      | Reached XP level 7. HP: 19/64 MP: 3/9
  5589 | D:5      | Entered Level 5 of the Dungeon
  5879 | D:4      | Reached ** piety under Okawaru
  5896 | D:5      | Noticed Eustachio
  5917 | D:5      | Killed Eustachio
  5918 | D:5      | Reached XP level 8. HP: 61/74 MP: 10/10
  5951 | D:4      | Reached skill level 5 in Invocations
  6323 | D:5      | Reached skill level 1 in Long Blades
  6905 | D:6      | Identified the +9 hunting sling "Ocioduka" {freeze, Str+2
                  | Dex+4}
  7413 | D:6      | Identified the +1 scale mail "Motuobomp" {Contam rN+ rCorr
                  | Int+2}
  7758 | D:7      | Reached skill level 3 in Slings
  7966 | D:7      | Reached skill level 4 in Slings
  8100 | D:7      | Reached skill level 5 in Slings
  8100 | D:7      | Reached skill level 1 in Shields
  8184 | D:7      | Noticed Menkaure
  8195 | D:7      | Killed Menkaure
  8195 | D:7      | Reached *** piety under Okawaru
  8196 | D:7      | Reached XP level 9. HP: 25/82 MP: 2/11
  8477 | D:7      | Noticed a troll
  8484 | D:7      | Killed a troll
  8485 | D:7      | Reached skill level 6 in Slings
  8730 | D:7      | Found a broken altar of Ashenzari.
  9331 | D:6      | Reached skill level 5 in Long Blades
  9332 | D:6      | Reached skill level 7 in Slings
  9552 | D:6      | Found a shimmering altar of Xom.
 10285 | D:8      | Reached **** piety under Okawaru
 10286 | D:8      | Reached skill level 8 in Slings
 10500 | D:8      | Reached skill level 5 in Shields
 10658 | D:8      | Received a gift from Okawaru
 10767 | D:8      | Found Uxis's Antique Armour Emporium.
 10858 | D:9      | Reached XP level 10. HP: 45/90 MP: 6/12
 10864 | D:9      | Reached skill level 9 in Slings
 11233 | D:9      | Received a gift from Okawaru
 11656 | D:9      | Noticed a manticore
 11662 | D:9      | Killed a manticore
 11663 | D:9      | Reached skill level 10 in Slings
 11685 | D:9      | Reached ***** piety under Okawaru
 11701 | D:9      | Reached skill level 1 in Armour
 11726 | D:9      | HP: 1/90 [acid dragon (13)]
 11726 | D:9      | Slain by an acid dragon

Illustrated notes

Levels and vault maps discovered:
D:1:      minmay_arrival_wavy_path, layout_loops_corners, grunt_decor_junction
D:2:      layout_basic, basic_altar, grunt_ministairs_8
D:3:      layout_loops_ring, hellmonk_ecumenical_altar_arch_garden
D:4:      layout_gridville, minmay_temple_entry_mist, st_stairs_1,
          dk_noncrumbling_3, bh_walls_and_bars, uniq_grinder
D:5:      layout_rooms, minmay_small_thing, uniq_eustachio
D:6:      layout_basic, nicolae_overflow_crystal_walls
D:7:      layout_loops_cross, mainiacjoe_overflow_alcove_2, uniq_menkaure
D:8:      layout_cave_pools, serial_shops, kennysheep_mini_moat,
          chequers_garden, grunt_ogre_cave
D:9:      layout_basic, erik_lair_island, serial_bayou_pond_b
Temple:   regret_index_temple_chain_breaker

Skill      XL: |  1  2  3  4  5  6  7  8  9 10 |
---------------+-------------------------------+-----
Fighting       | 2 3 4 6 8 |  8.5
Evocations     | 1 |  1.0
Slings         | 1 2 5 8 10 | 10.3
Short Blades   | 1 2 |  2.3
Invocations    | 2 3 4 5 |  5.0
Long Blades    | 4 6 7 |  7.8
Shields        | 2 5 7 |  7.0
Armour         | 1 |  1.1
Dodging        | |  2.5
Stealth        | |  1.5
Spellcasting   | |  2.1
Conjurations   | |  0.6
Summonings     | |  0.6
Translocations | |  0.6

Action                   |  1- 3 |  4- 6 |  7- 9 | 10-12 || total
-------------------------+-------+-------+-------+-------++-------
Melee: Dagger            |    78 |    42 |       |       ||   120
       Headbutt          |    11 |    19 |    23 |       ||    53
       Short sword       |       |   100 |    48 |       ||   148
       Falchion          |       |       |    83 |       ||    83
       Scimitar          |       |       |     1 |     5 ||     6
 Fire: Hunting sling     |       |    16 |   181 |    92 ||   289
Throw: Throwing net      |       |       |     1 |     2 ||     3
       Stone             |       |       |     1 |       ||     1
Invok: Heroism           |       |       |     3 |       ||     3
Evoke: Wand              |     1 |       |       |       ||     1
  Use: Potion            |       |       |       |     5 ||     5
       Scroll            |       |       |       |     4 ||     4
 Stab: Sleeping          |     6 |       |       |       ||     6
       Held in net/web   |       |       |     1 |     1 ||     2
Armor: Robe              |    11 |       |       |       ||    11
       Ring mail         |     5 |    44 |    75 |    10 ||   134
Dodge: Dodged            |    40 |    78 |   131 |    13 ||   262
Block: Kite shield       |       |       |    41 |    14 ||    55

Table legend: (Time is in decaauts)
 A = Elapsed time spent in this place.
 B = Non-inter-level travel time spent in this place.
 C = Inter-level travel time spent in this place.
 D = Time resting spent in this place.
 E = Time spent auto-exploring this place.
 F = Levels seen in this place.
 G = Mean time per level.
                   A        B        C        D        E       F      G
               +--------+--------+--------+--------+--------+-----+--------+
         Total |  11747 |  11453 |    294 |   1357 |   8447 |  10 | 1174.7 |
       Dungeon |  11603 |  11341 |    262 |   1357 |   8356 |   9 | 1289.2 |
        Temple |    143 |    111 |     32 |      0 |     91 |   1 |  143.0 |
               +--------+--------+--------+--------+--------+-----+--------+

Top non-repeatable levels by time:
     D:4: 1840 daAuts
     D:7: 1838 daAuts
     D:2: 1592 daAuts
     D:1: 1380 daAuts
     D:6: 1363 daAuts
     D:3: 1232 daAuts
     D:9: 928 daAuts
     D:8: 790 daAuts
     D:5: 635 daAuts
  Temple: 143 daAuts
